 Dungeon Crawl Stone Soup version 0.30-a0-639-g3916f1956a (webtiles) character file.

Game seed: 13599193660171145058

2908 Newt the Basher (level 9, -1/69 HPs)
             Began as a Demonspawn Gladiator on Jan 16, 2023.
             Was an Initiate of Hepliaklqana.
             Slain by an orc warrior
             ... wielding a +0 hand axe
              (10 damage)
             ... on level 8 of the Dungeon.
             The game lasted 00:09:08 (7846 turns).

Newt the Basher (Demonspawn Gladiator)              Turns: 7846, Time: 00:09:08

Health: -1/69      AC: 12    Str: 19    XL:     9   Next: 49%
Magic:  9/9        EV: 18    Int:  9    God:    Hepliaklqana [......]
Gold:   214        SH:  0    Dex: 19    Spells: 8/8 levels left

rFire   . . .      SeeInvis .    J - +1 whip (vamp)
rCold   . . .      Faith    .    (no shield)
rNeg    + + .      Spirit   .    F - +2 ring mail of the Hills {Drain rN+ Dex+4 Slay+2}
rPois   .          Reflect  .    c - +1 helmet
rElec   .          Harm     .    k - scarf {+Inv}
rCorr   .          Rampage  .    n - +1 pair of gloves of the Barber Surgeon {rN+ Will+}
Will    +....                    (no boots)
Stlth   ++                       E - amulet of the acrobat
HPRegen 0.31/turn                G - +5 ring of evasion
MPRegen 0.11/turn                (no ring)

@: studying Maces & Flails
A: demonic guardian 1, spiny 2, sturdy frame 1
a: Renounce Religion, Evoke Invisibility


You were on level 8 of the Dungeon.
You worshipped Hepliaklqana.
Hepliaklqana was noncommittal.
You visited 2 branches of the dungeon, and saw 9 of its levels.

You collected 1094 gold pieces.
You spent 880 gold pieces at shops.

Inventory:

Hand Weapons
 a - a +0 rapier
 A - a +0 mace of protection
 J - a +1 vampiric whip (weapon)
Missiles
 e - a javelin (quivered)
 s - 24 poisoned darts
 w - 3 throwing nets
Armour
 b - a +0 leather armour
 c - a +1 helmet (worn)
 k - a scarf of invisibility (worn)
 m - a +3 leather armour
 n - the +1 pair of gloves of the Barber Surgeon (worn) {rN+ Will+}
   (You found it on level 3 of the Dungeon)

   rN:        It protects you from negative energy.
   Will:      It increases your willpower.
 z - the +5 chain mail of Whack-A-Mole {rCorr Dex+3 SInv}
   (You found it on level 5 of the Dungeon)

   Dex:       It affects your dexterity (+3).
   SInv:      It lets you see invisible.
   rCorr:     It protects you from acid and corrosion.
 F - the +2 ring mail of the Hills (worn) {Drain rN+ Dex+4 Slay+2}
   (You found it on level 6 of the Dungeon)

   Dex:       It affects your dexterity (+4).
   Slay:      It affects your accuracy & damage with ranged weapons and melee
   (+2).
   rN:        It protects you from negative energy.
   Drain:     It drains your maximum health when unequipped.
Jewellery
 E - an amulet of the acrobat (around neck)
 G - a +5 ring of evasion (left hand)
 N - a ring of fire
Wands
 d - a wand of polymorph (1)
 t - a wand of flame (8)
 x - a wand of digging (8)
 M - a wand of paralysis (10)
Scrolls
 f - a scroll of blinking
 i - 3 scrolls of teleportation
 l - 2 scrolls of amnesia
 u - 2 scrolls of brand weapon {unknown}
 v - 2 scrolls of fog
 y - 2 scrolls of identify
 D - 4 scrolls of summoning {unknown}
 K - a scroll of enchant weapon {unknown}
 L - a scroll of magic mapping {unknown}
Potions
 g - 5 potions of brilliance
 h - a potion of flight
 j - 2 potions of attraction
 o - 8 potions of curing
 p - a potion of ambrosia
 q - a potion of mutation
 r - 2 potions of degeneration
 B - a potion of lignification
 C - a potion of haste
 H - a potion of berserk rage {unknown}
 I - a potion of heal wounds


   Skills:
 - Level 6.0 Fighting
 - Level 4.0 Short Blades
 * Level 9.8 Maces & Flails
 - Level 1.7 Throwing
 - Level 4.0 Armour
 - Level 4.0 Dodging
 - Level 3.0 Stealth
 - Level 3.0 Evocations


You had 8 spell levels left.
You didn't know any spells.
Your spell library contained the following spells:

 Spells                   Type           Power      Damage    Failure   Level
 Blink                    Tloc           0%         N/A       61%         2
 Lesser Beckoning         Tloc           0%         N/A       61%         2
 Momentum Strike          Conj/Tloc      0%         3d8       61%         2


Dungeon Overview and Level Annotations

Branches:
Dungeon (8/15)             Temple (1/1) D:7
   Lair: D:8-11

Altars:
Ashenzari
Cheibriados
Dithmenos
Hepliaklqana
Kikubaaqudgha
Makhleb
Nemelex Xobeh
Okawaru
Qazlal
Ru
Trog
Vehumet
Wu Jian
Xom
Yredelemnul

Shops:
D:1 :   D:5 *   D:6 :


Innate Abilities, Weirdness & Mutations

A weak demonic guardian rushes to your aid.
You are mostly covered in sharp spines.
Your movements are slightly less encumbered by armour. (ER -2)


Message History

You are too injured to fight recklessly!
You are too injured to fight recklessly!
You are too injured to fight recklessly!
You are too injured to fight recklessly!
You are too injured to fight recklessly!
You are too injured to fight recklessly!
You are too injured to fight recklessly!
You are too injured to fight recklessly!
You are too injured to fight recklessly!
You are too injured to fight recklessly!
There are monsters nearby!
You closely miss the orc warrior. The orc warrior misses you.
You hit the orc warrior.
You feel better.
The orc warrior is lightly wounded.
You hit the orc priest.
You feel better.
The orc priest is moderately wounded.
The orc priest closely misses you.
The orc warrior hits you but does no damage.
You whack the orc priest!
You feel better.
The orc priest is severely wounded.
The orc warrior is struck by your spines.
The orc warrior hits you with a +0 hand axe.
The orc priest calls down the wrath of Beogh upon you.
Beogh smites you!
* * * LOW HITPOINT WARNING * * *
You whack the orc priest!
You kill the orc priest!
You hit the orc warrior but do no damage.
The orc warrior is lightly wounded.
The orc warrior barely misses you.
You hit the orc warrior.
You feel better.
The orc warrior is lightly wounded.
The orc warrior hits you with a +0 hand axe!
* * * LOW HITPOINT WARNING * * *
You whack the orc warrior!
The orc warrior is heavily wounded.
You hit the orc warrior.
The orc warrior is heavily wounded.
The orc warrior hits you with a +0 hand axe!
You die...

#[........##.
........##..##........
........##..##.###.##.
.......$##..##.###.#
........##.........#
........###.########
........# #.#
......o)###'####
......)@#......#
........#......#
#+###...'......#
#...#......#
#...#......#
#...#......#
#.###......# #.
#......# .. #......#


You could see an orc warrior.

Vanquished Creatures
  Grinder (D:4)
  An acid dragon (D:8)
  3 water moccasins
  An ogre (D:6)
  A centaur (D:6)
  2 phantoms (D:5)
  A kobold brigand (D:7)
  3 bullfrogs
  A necrophage (D:6)
  4 scorpions
  Blork the orc (D:5)
  5 killer bees (D:7)
  2 vampire bats (D:6)
  A howler monkey (D:8)
  4 hounds
  4 jellies
  4 orc priests
  Crazy Yiuf (D:3)
  2 gnoll boudas (D:7)
  2 iguanas
  6 orc wizards
  14 gnolls
  11 adders
  A shadow imp (D:6)
  A white imp (D:6)
  An ufetubus (D:4)
  2 worms
  A dart slug (D:4)
  22 orcs
  8 ball pythons
  2 bat skeletons (D:6)
  4 bat zombies (D:6)
  6 endoplasms
  A giant cockroach (D:1)
  9 goblins
  7 hobgoblins
  5 quokkas
  4 bats (D:1)
  2 frilled lizards
  5 kobolds (D:7)
  7 rats
163 creatures vanquished.

Vanquished Creatures (collateral kills)
  An orc wizard (D:8)
1 creature vanquished.

Grand Total: 164 creatures vanquished

Notes
Turn   | Place    | Note
-------+----------+-------------------------------------------
     0 | D:1      | Newt the Demonspawn Gladiator began the quest for the Orb.
     0 | D:1      | Reached XP level 1. HP: 16/16 MP: 1/1
   102 | D:1      | Reached skill level 1 in Stealth
   186 | D:1      | Found Hosibryi's Vocational Training.
   195 | D:1      | Gained mutation: You are partially covered in sharp spines.
                  | [demonic ancestry]
   195 | D:1      | Reached XP level 2. HP: 19/22 MP: 2/2
   561 | D:1      | Reached XP level 3. HP: 27/27 MP: 3/3
  1467 | D:2      | Gained mutation: You are mostly covered in sharp spines.
                  | [demonic ancestry]
  1467 | D:2      | Reached XP level 4. HP: 19/34 MP: 4/4
  1987 | D:3      | Identified the +1 pair of gloves of the Barber Surgeon {rN+
                  | Will+}
  2641 | D:3      | Found a runed translucent door.
  2642 | D:3      | Noticed Crazy Yiuf
  3093 | D:3      | Reached XP level 5. HP: 42/42 MP: 5/5
  3235 | D:3      | Killed Crazy Yiuf
  3236 | D:3      | Reached skill level 1 in Evocations
  3499 | D:4      | Noticed Grinder
  3508 | D:5      | Entered Level 5 of the Dungeon
  3522 | D:4      | Paralysed by Grinder for 4 turns
  3544 | D:4      | Paralysed by Grinder for 3 turns
  3864 | D:3      | Gained mutation: Your movements are slightly less
                  | encumbered by armour. (ER -2) [demonic ancestry]
  3864 | D:3      | Reached XP level 6. HP: 16/48 MP: 6/6
  4298 | D:4      | Killed Grinder
  4652 | D:4      | Found a radiant altar of Vehumet.
  4682 | D:5      | Noticed a water moccasin
  4685 | D:5      | Reached XP level 7. HP: 54/54 MP: 7/7
  5023 | D:5      | Reached skill level 5 in Fighting
  5162 | D:5      | Reached XP level 8. HP: 60/64 MP: 8/8
  5168 | D:5      | Identified the +5 chain mail of Whack-A-Mole {rCorr Dex+3
                  | SInv}
  5228 | D:5      | Found Lyopi's General Store.
  5237 | D:5      | Noticed Blork the orc
  5247 | D:5      | Killed Blork the orc
  5329 | D:5      | Reached skill level 1 in Maces & Flails
  5333 | D:5      | Reached skill level 2 in Maces & Flails
  5417 | D:5      | Reached skill level 3 in Maces & Flails
  5709 | D:6      | Identified the +2 ring mail of the Hills {Drain rN+ Dex+4
                  | Slay+2}
  5796 | D:6      | Found Imaeriomisk's Self-Improvement Boutique.
  5933 | D:6      | Reached skill level 4 in Maces & Flails
  6035 | D:6      | Reached skill level 5 in Maces & Flails
  6191 | D:6      | Gained mutation: A weak demonic guardian rushes to your
                  | aid. [demonic ancestry]
  6191 | D:6      | Reached XP level 9. HP: 69/69 MP: 9/9
  6228 | D:6      | Identified a scroll of acquirement
  6228 | D:6      | Acquired 600 gold pieces
  6255 | D:6      | Bought a manual of Maces & Flails for 880 gold pieces
  6352 | D:6      | Reached skill level 6 in Maces & Flails
  6551 | D:6      | Found an ancient bone altar of Kikubaaqudgha.
  6667 | D:7      | Reached skill level 7 in Maces & Flails
  6746 | D:7      | Identified the +1 scale mail of the Abyss {Harm}
  6757 | D:7      | Reached skill level 8 in Maces & Flails
  7027 | D:7      | Found a staircase to the Ecumenical Temple.
  7102 | D:7      | Found a sacrificial altar of Ru.
  7152 | D:7      | Found a radiant altar of Vehumet.
  7154 | D:7      | Found a broken altar of Ashenzari.
  7154 | D:7      | Found a shimmering altar of Xom.
  7156 | D:7      | Found an iron altar of Okawaru.
  7156 | D:7      | Found a shimmering altar of Xom.
  7156 | D:7      | Found an ornate altar of the Wu Jian Council.
  7166 | D:7      | Reached skill level 9 in Maces & Flails
  7205 | Temple   | Entered the Ecumenical Temple
  7583 | Temple   | Became a worshipper of Hepliaklqana the Forgotten
  7846 | D:8      | Slain by an orc warrior

Illustrated notes

Levels and vault maps discovered:
D:1:      dpeg_arrival_lava_temple_mockup, layout_basic, serial_park_tiny_pond,
          nicolae_shop_vocational
D:2:      layout_basic, grunt_decor_one_mirror, chequers_garden,
          chequers_serial_rivers_micro_a, minmay_tromino_v4_c
D:3:      layout_basic, nicolae_elyvilon_temple_path, amethyst_killhole,
          uniq_crazy_yiuf_cottage
D:4:      layout_rooms, kennysheep_mini_moat, tso_oasis_becter, uniq_grinder
D:5:      layout_cave_pools, serial_shops, nicolae_shop_stone,
          kennysheep_opposing_triangles, uniq_blork_the_orc
D:6:      layout_loops_cross, kennysheep_vampire_church, st_stairs_8,
          palyth_stone_intersect, nicolae_shop_self_help
D:7:      hellmonk_ruined_rings, layout_rooms, doesnt_xom_only_xom,
          nicolae_ru_path_of_blood, minmay_temple_entry_glassed_door
D:8:      layout_basic, mainiacjoe_overflow_24_doors, dk_noncrumbling_2
Temple:   minmay_temple_forest_path

Skill      XL: |  1  2  3  4  5  6  7  8  9 |
---------------+----------------------------+-----
Stealth        | 1 2 3 |  3.0
Fighting       | 4 6 |  6.0
Evocations     | 3 |  3.0
Dodging        | 3 4 |  4.0
Armour         | 2 4 |  4.0
Short Blades   | 4 |  4.0
Maces & Flails | 5 9 |  9.8
Throwing       | |  1.7

Action                   |  1- 3 |  4- 6 |  7- 9 || total
-------------------------+-------+-------+-------++-------
Melee: Rapier            |    78 |   108 |    77 ||   263
       Punch             |       |     1 |     2 ||     3
       Mace              |       |       |    89 ||    89
       Whip              |       |       |    74 ||    74
Throw: Throwing net      |       |     4 |       ||     4
       Javelin           |       |     1 |       ||     1
       Dart              |       |     6 |       ||     6
Evoke: Wand              |       |     3 |       ||     3
  Use: Scroll            |     7 |     3 |     8 ||    18
       Potion            |       |     1 |     1 ||     2
 Stab: Sleeping          |     4 |     4 |     2 ||    10
       Held in net/web   |       |     2 |       ||     2
Armor: Leather armour    |    20 |    26 |    34 ||    80
       Chain mail        |       |       |    22 ||    22
       Ring mail         |       |       |    35 ||    35
Dodge: Dodged            |    50 |    45 |   198 ||   293

Table legend: (Time is in decaauts)
 A = Elapsed time spent in this place.
 B = Non-inter-level travel time spent in this place.
 C = Inter-level travel time spent in this place.
 D = Time resting spent in this place.
 E = Time spent auto-exploring this place.
 F = Levels seen in this place.
 G = Mean time per level.
                   A        B        C        D        E       F      G
               +--------+--------+--------+--------+--------+-----+--------+
         Total |   7837 |   7423 |    414 |   1276 |   5049 |   9 |  870.8 |
       Dungeon |   7400 |   7062 |    338 |   1276 |   4700 |   8 |  925.0 |
        Temple |    436 |    361 |     75 |      0 |    349 |   1 |  436.0 |
               +--------+--------+--------+--------+--------+-----+--------+

Top non-repeatable levels by time:
     D:3: 2056 daAuts
     D:1: 968 daAuts
     D:6: 961 daAuts
     D:2: 957 daAuts
     D:4: 870 daAuts
     D:5: 853 daAuts
     D:7: 642 daAuts
  Temple: 436 daAuts
     D:8: 90 daAuts
